AoeStats
← godhands_1987

Arabia

510424437Analyzed
1v1 RM · 3d ago on Oct 1, 2026· 25m 32s· 2 players
Game mode
Random Map
Map size
Tiny (2 player)
Population
200
Speed
Normal
Resources
Standard
Victory
Conquest
Starting age
Dark Age
Ending age
Imperial Age
RankedLock teamsTeams togetherTeam positionsShared explorationLock speedFull tech treeHidden civsTurbo modeCheats
Victory
Defeat
🇨🇳 Britons · China
846
+14
🇨🇴 Romans · Colombia
808
-14
godhands_1987
5:10 Loom
13:54 Feudal Age
15:28 Wheelbarrow
15:45 Horse Collar
15:52 Double-Bit Axe
22:51 Forging
22:46 Scale Barding Armor
爷傲灬耐我何
8:06 Loom
10:24 Feudal Age
13:09 Double-Bit Axe
15:46 Fletching
21:48 Castle Age
21:54 Crossbowman
22:33 Bodkin Arrow
25:47 Padded Archer Armor
Connection lost

Rejoining the realm…

Still unreachable

The connection could not be restored.

Session expired

The server has moved on; the page needs a fresh start.